Lightning vs Penguins

Created - March 31, 2020 at 19:39

Goals
1 2 3 T
Lightning 0 0 4 4
Penguins 0 1 2 3
Shots
1 2 3 T
Lightning 8 8 16 32
Penguins 10 11 14 35

1st period

No Goal

Penalties :
Theo Peckham (TB.) for Tripping (Minor) at 19:47

2nd period

1. Penguins , Claude Giroux 40 (Logan Couture 24) at 15:43

Penalties :
Kris Versteeg (TB.) for Hooking (Minor) at 5:46, Joni Pitkanen (TB.) for Interference (Minor) at 16:43

3rd period

2. Lightning , Henrik Zetterberg 34 (Kris Versteeg 32, Alex Goligoski 25) at 10:00 (PP)
3. Lightning , Tyler Johnson 27 (Henrik Zetterberg 37, Justin Schultz 12) at 11:15
4. Penguins , Dustin Brown 18 (Steven Stamkos 47, Keith Aulie 28) at 12:51
5. Lightning , Tyler Johnson 28 (Henrik Zetterberg 38) at 13:46 (PP)
6. Lightning , Patrick Kaleta 7 (Tyler Johnson 41, Henrik Zetterberg 39) at 19:50 (SH) (Empty Net)
7. Penguins , Andrew Cogliano 23 (Steven Stamkos 48, Victor Hedman 22) at 19:58 (PP)

Penalties :
Dustin Brown (Pit) for Hooking (Minor) at 0:32, Logan Couture (Pit) for Hooking (Minor) at 6:31, Matt Corrente (Pit) for High sticking (Minor) at 9:27, Keith Aulie (Pit) for Tripping (Minor) at 13:45, James Wright (TB.) for Tripping (Minor) at 19:06

Goalie Stats

Philipp Grubauer (TB.), 32 saves from 35 shots - (0.914), W, 30-16-5, 60:00 minutes
Michal Neuvirth (Pit), 28 saves from 31 shots - (0.903), L, 27-20-5, 59:18 minutes

Players Stats for Lightning

Player Name              G  A  P  +/- PIM S  H  SB GA TA FO     MP     PP MP  PK MP  
------------------------------------------------------------------------------------
Alex Goligoski           0  1  1   1  0   1  1  2  0  2  0/0    29:16   2:47   3:59 
Brendan Bell             0  0  0  -1  0   0  1  1  0  1  0/0    10:47   0:00   0:00 
Henrik Zetterberg        1  3  4   1  0   9  1  1  0  1  1/4    22:54   2:46   4:04 
Jaden Schwartz           0  0  0   0  0   2  3  0  0  1  0/0    17:52   1:42   1:02 
James Wright             0  0  0  -2  2   1  1  1  1  0  4/8    11:30   0:00   0:00 
Jon Merrill              0  0  0   0  0   0  2  1  0  2  0/0    19:57   1:45   2:50 
Joni Pitkanen            0  0  0   1  2   1  1  0  0  0  0/0    24:47   2:47   2:54 
Justin Schultz           0  1  1   0  0   1  0  0  1  0  0/0    19:57   1:45   2:50 
Kris Versteeg            0  1  1   1  2   5  1  0  1  0  0/6    24:12   2:48   2:48 
Mark Scheifele           0  0  0   0  0   2  1  1  0  0  6/10   18:25   1:42   0:39 
Patrick Kaleta           1  0  1   1  0   3  1  2  0  0  0/0    18:53   1:42   1:31 
Patrick Marleau          0  0  0  -2  0   1  1  0  0  0  0/2    12:09   0:02   0:00 
Pierre-Luc Létourneau    0  0  0   0  0   0  0  0  0  0  3/5     8:39   0:00   2:03 
Rasmus Ristolainen       0  0  0  -1  0   0  0  0  0  0  0/0    11:49   0:00   1:02 
Scottie Upshall          0  0  0   0  0   0  0  0  0  0  0/0     5:21   0:00   0:00 
Theo Peckham             0  0  0   0  2   0  0  0  0  0  0/0     4:08   0:00   0:03 
Tyler Johnson            2  1  3   2  0   5  1  0  3  0  12/29  19:53   2:48   1:31 
Tyler Toffoli            0  0  0  -2  0   1  1  2  1  0  1/2    12:38   0:06   0:00 

Players Stats for Penguins

Player Name              G  A  P  +/- PIM S  H  SB GA TA FO     MP     PP MP  PK MP  
------------------------------------------------------------------------------------
Ales Hemsky              0  0  0   0  0   2  0  0  1  0  1/2     8:04   0:00   0:00 
Andrew Cogliano          1  0  1   0  0   4  1  1  0  1  0/0    21:56   4:33   0:57 
Cal Clutterbuck          0  0  0   0  0   1  0  0  0  0  0/0    11:44   0:00   0:51 
Claude Giroux            1  0  1   0  0   5  2  0  0  1  2/7    18:13   2:16   2:54 
Danny DeKeiser           0  0  0  -1  0   1  1  0  0  1  0/0    19:17   1:51   1:27 
Dustin Brown             1  0  1   0  2   3  0  0  0  0  1/2    21:10   4:33   0:00 
Eric Gryba               0  0  0   1  0   1  0  0  0  0  0/0    12:41   0:00   0:00 
Joe Colborne             0  0  0   0  0   0  5  0  0  0  4/7    10:53   0:00   0:00 
Keith Aulie              0  1  1   1  2   0  0  1  2  0  0/0    25:34   1:51   3:05 
Logan Couture            0  1  1   0  2   2  2  0  0  0  6/12   15:52   2:16   0:20 
Marcus Foligno           0  0  0   0  0   4  0  0  0  1  0/0    10:53   0:00   0:00 
Matt Corrente            0  0  0   1  2   0  0  0  0  1  0/0    14:20   0:00   1:27 
Michael Raffl            0  0  0   0  0   1  0  0  0  0  0/0     8:04   0:00   0:00 
Sean Bergenheim          0  0  0   0  0   4  3  1  0  1  0/1    18:16   2:16   2:44 
Sean Zimmerman           0  0  0   0  0   0  1  0  1  0  0/0    28:02   4:58   3:05 
Steven Stamkos           0  2  2   0  0   3  3  1  1  1  22/30  22:17   4:33   1:18 
Tomas Plekanec           0  0  0   0  0   2  0  0  0  0  3/5     8:04   0:00   0:00 
Victor Hedman            0  1  1  -2  0   2  0  1  2  0  0/0    20:04   4:58   0:00 

3 Stars

1 - Tyler Johnson (TB.)
2 - Henrik Zetterberg (TB.)
3 - Patrick Kaleta (TB.)

Power Play

Lightning - 2 on 4 Attempt(s) - 50.00%
Penguins - 1 on 4 Attempt(s) - 25.00%

Penalty Kill

Lightning - 3 on 4 Attempt(s) - 75.00% - Score 1 goal in Penalty Kill
Penguins - 2 on 4 Attempt(s) - 50.00% - Score 0 goal in Penalty Kill

Team Stat

Lightning - Hits : 16 - Faceoff Wins : 27 - Blocked Shots : 11 - Penalty Minutes : 8
Penguins - Hits : 18 - Faceoff Wins : 39 - Blocked Shots : 5 - Penalty Minutes : 8

Official

Referees : Unknown
Linesman : Unknown

Game Notes

11:15 of 3rd period - Lightning goal is going for a video replay. After video review, Goal.
Patrick Kaleta has scored in a empty net!

Finance

Level 1 -- Attendance: 4771 (79.52%) -- Ticket Income $572,520
Level 2 -- Attendance: 3766 (75.32%) -- Ticket Income $263,620
Level 3 -- Attendance: 1641 (82.05%) -- Ticket Income $73,845
Level 4 -- Attendance: 2779 (69.48%) -- Ticket Income $97,265
Luxury Box -- Attendance: 736 (73.60%) -- Ticket Income $147,200
Game was played at the Igloo.
Total Attendance: 13693 (76.07%)
Total Ticket Income: $1,154,450
Other Income: $173,168
Total Income: $1,327,618

Lightning

5 vs 5 Forward 
   Center                   Left Wing                Right Wing               Time % Phy DF OF 
 1 Tyler Johnson            Henrik Zetterberg        Kris Versteeg            40     1   2  2  
 2 Mark Scheifele           Jaden Schwartz           Patrick Kaleta           30     1   2  2  
 3 James Wright             Patrick Marleau          Tyler Toffoli            20     1   2  2  
 4 Kris Versteeg            Pierre-Luc Létourneau    Scottie Upshall          10     1   2  2  

5 vs 5 Defense 
   Defense                  Defense                                           Time % Phy DF OF 
 1 Alex Goligoski           Joni Pitkanen                                     40     1   2  2  
 2 Justin Schultz           Jon Merrill                                       30     1   2  2  
 3 Brendan Bell             Rasmus Ristolainen                                20     1   2  2  
 4 Theo Peckham             Alex Goligoski                                    10     1   2  2  

PowerPlay Forward 
   Center                   Left Wing                Right Wing               Time % Phy DF OF 
 1 Tyler Johnson            Henrik Zetterberg        Kris Versteeg            60     1   2  2  
 2 Mark Scheifele           Jaden Schwartz           Patrick Kaleta           40     1   2  2  

PowerPlay Defense
   Defense                  Defense                                           Time % Phy DF OF 
 1 Alex Goligoski           Joni Pitkanen                                     60     1   2  2  
 2 Justin Schultz           Jon Merrill                                       40     1   2  2  

Penalty Kill 4 Players Forward 
   Center                   Wing                     Time % Phy DF OF 
 1 Kris Versteeg            Henrik Zetterberg        60     1   2  2  
 2 Tyler Johnson            Patrick Kaleta           40     1   2  2  

Penalty Kill 4 Players Defense
   Defense                  Defense                  Time % Phy DF OF 
 1 Alex Goligoski           Joni Pitkanen            60     1   2  2  
 2 Justin Schultz           Jon Merrill              40     1   2  2  

Penalty Kill - 3 Players Forward 
   Forward                                           Time % Phy DF OF 
 1 Kris Versteeg                                     60     1   2  2  
 2 Henrik Zetterberg                                 40     1   2  2  

Penalty Kill - 3 Players Defense
   Defense                  Defense                  Time % Phy DF OF 
 1 Alex Goligoski           Joni Pitkanen            60     1   2  2  
 2 Justin Schultz           Jon Merrill              40     1   2  2  

4 vs 4 Forward 
   Center                   Wing                     Time % Phy DF OF 
 1 Kris Versteeg            Henrik Zetterberg        60     1   2  2  
 2 Tyler Johnson            Patrick Kaleta           40     1   2  2  

4 vs 4 Defense
   Defense                  Defense                  Time % Phy DF OF 
 1 Alex Goligoski           Joni Pitkanen            60     1   2  2  
 2 Justin Schultz           Jon Merrill              40     1   2  2  

Last Minutes Offensive
   Center                   Left Wing                Right Wing               Defense                  Defense                  
   Tyler Johnson            Henrik Zetterberg        Kris Versteeg            Alex Goligoski           Joni Pitkanen            

Last Minutes Defensive
   Center                   Left Wing                Right Wing               Defense                  Defense                  
   Tyler Johnson            Henrik Zetterberg        Kris Versteeg            Alex Goligoski           Joni Pitkanen            

Goaltenders
Starting : Philipp Grubauer         
Backup : Jhonas Enroth            

Extra Forwards
Normal : Tyler Toffoli, Patrick Marleau, Pierre-Luc Létourneau - PP : Tyler Toffoli, Patrick Marleau - PK : Pierre-Luc Létourneau
Extra Defensemen
Normal : Brendan Bell, Rasmus Ristolainen, Theo Peckham - PP : Brendan Bell - PK : Rasmus Ristolainen, Theo Peckham
Penalty Shots
Kris Versteeg, Henrik Zetterberg, Tyler Johnson, Patrick Kaleta, Tyler Toffoli

Scratches
Darren Helm (Healthy), Mikael Backlund (Healthy), Andrew Hammond (Healthy)

Penguins

5 vs 5 Forward 
   Center                   Left Wing                Right Wing               Time % Phy DF OF 
 1 Steven Stamkos           Andrew Cogliano          Dustin Brown             40     0   2  3  
 2 Logan Couture            Sean Bergenheim          Claude Giroux            30     0   2  3  
 3 Joe Colborne             Marcus Foligno           Cal Clutterbuck          20     0   2  3  
 4 Tomas Plekanec           Michael Raffl            Ales Hemsky              10     0   2  3  

5 vs 5 Defense 
   Defense                  Defense                                           Time % Phy DF OF 
 1 Sean Zimmerman           Keith Aulie                                       40     1   2  2  
 2 Danny DeKeiser           Victor Hedman                                     30     1   2  2  
 3 Eric Gryba               Matt Corrente                                     20     1   2  2  
 4 Sean Zimmerman           Keith Aulie                                       10     1   2  2  

PowerPlay Forward 
   Center                   Left Wing                Right Wing               Time % Phy DF OF 
 1 Steven Stamkos           Andrew Cogliano          Dustin Brown             60     0   0  5  
 2 Logan Couture            Sean Bergenheim          Claude Giroux            40     0   0  5  

PowerPlay Defense
   Defense                  Defense                                           Time % Phy DF OF 
 1 Sean Zimmerman           Victor Hedman                                     60     0   1  4  
 2 Danny DeKeiser           Keith Aulie                                       40     0   1  4  

Penalty Kill 4 Players Forward 
   Center                   Wing                     Time % Phy DF OF 
 1 Claude Giroux            Sean Bergenheim          60     0   5  0  
 2 Steven Stamkos           Cal Clutterbuck          40     0   5  0  

Penalty Kill 4 Players Defense
   Defense                  Defense                  Time % Phy DF OF 
 1 Sean Zimmerman           Keith Aulie              60     1   4  0  
 2 Danny DeKeiser           Matt Corrente            40     1   4  0  

Penalty Kill - 3 Players Forward 
   Forward                                           Time % Phy DF OF 
 1 Claude Giroux                                     60     0   5  0  
 2 Steven Stamkos                                    40     0   5  0  

Penalty Kill - 3 Players Defense
   Defense                  Defense                  Time % Phy DF OF 
 1 Sean Zimmerman           Keith Aulie              60     1   4  0  
 2 Danny DeKeiser           Matt Corrente            40     1   4  0  

4 vs 4 Forward 
   Center                   Wing                     Time % Phy DF OF 
 1 Steven Stamkos           Andrew Cogliano          60     0   2  3  
 2 Claude Giroux            Sean Bergenheim          40     0   2  3  

4 vs 4 Defense
   Defense                  Defense                  Time % Phy DF OF 
 1 Sean Zimmerman           Keith Aulie              60     1   2  2  
 2 Danny DeKeiser           Matt Corrente            40     1   2  2  

Last Minutes Offensive
   Center                   Left Wing                Right Wing               Defense                  Defense                  
   Steven Stamkos           Andrew Cogliano          Dustin Brown             Sean Zimmerman           Keith Aulie              

Last Minutes Defensive
   Center                   Left Wing                Right Wing               Defense                  Defense                  
   Steven Stamkos           Andrew Cogliano          Claude Giroux            Sean Zimmerman           Keith Aulie              

Goaltenders
Starting : Michal Neuvirth          
Backup : Sergei Bobrovsky         

Extra Forwards
Normal : Claude Giroux, Steven Stamkos, Marcus Foligno - PP : Claude Giroux, Steven Stamkos - PK : Claude Giroux
Extra Defensemen
Normal : Sean Zimmerman, Danny DeKeiser, Eric Gryba - PP : Victor Hedman - PK : Sean Zimmerman, Danny DeKeiser
Penalty Shots
Andrew Cogliano, Claude Giroux, Sean Bergenheim, Steven Stamkos, Marcus Foligno

Scratches
None


% Time on Ice - Lightning

Lines # - Real PCT - Wanted PCT - Time Play
Normal Forward
1 - 33% - 40% - 16:03
2 - 32% - 30% - 15:43
3 - 24% - 20% - 11:31
4 - 11% - 10% - 5:21
Normal Defense
1 - 39% - 40% - 19:06
2 - 32% - 30% - 15:22
3 - 22% - 20% - 10:47
4 - 7% - 10% - 3:23
PP Forward
1 - 63% - 60% - 2:50
2 - 38% - 40% - 1:42
PP Defense
1 - 61% - 60% - 2:47
2 - 39% - 40% - 1:45
PK Forward
1 - 78% - 60% - 5:18
2 - 22% - 40% - 1:31
PK Defense
1 - 58% - 60% - 3:59
2 - 42% - 40% - 2:50
PK3 Forward
1 - 0% - 60%
2 - 0% - 40%
PK3 Defense
1 - 0% - 60%
2 - 0% - 40%
44 Forward
1 - 0% - 60%
2 - 0% - 40%
44 Defense
1 - 0% - 60%
2 - 0% - 40%
Last Minute Offensive  - 0:00
Last Minute Defensive  - 0:01
Total
Forward - 60:00
Defense - 60:00

% Time on Ice - Penguins

Lines # - Real PCT - Wanted PCT - Time Play
Normal Forward
1 - 34% - 40% - 16:18
2 - 27% - 30% - 13:03
3 - 23% - 20% - 10:53
4 - 17% - 10% - 8:04
Normal Defense
1 - 38% - 40% - 18:20
2 - 32% - 30% - 15:39
3 - 26% - 20% - 12:41
4 - 3% - 10% - 1:38
PP Forward
1 - 67% - 60% - 4:33
2 - 33% - 40% - 2:16
PP Defense
1 - 73% - 60% - 4:58
2 - 27% - 40% - 1:51
PK Forward
1 - 81% - 60% - 3:41
2 - 19% - 40% - 0:51
PK Defense
1 - 68% - 60% - 3:05
2 - 32% - 40% - 1:27
PK3 Forward
1 - 0% - 60%
2 - 0% - 40%
PK3 Defense
1 - 0% - 60%
2 - 0% - 40%
44 Forward
1 - 0% - 60%
2 - 0% - 40%
44 Defense
1 - 0% - 60%
2 - 0% - 40%
Last Minute Offensive  - 0:21
Last Minute Defensive  - 0:00
Total
Forward - 60:00
Defense - 60:00

Play-by-Play

1st period


0:01 of 1st period - Steven Stamkos wins face-off versus Tyler Johnson in neutral zone.
0:15 of 1st period - Sean Zimmerman is hit by Joni Pitkanen and loses puck.
0:26 of 1st period - Alex Goligoski is hit by Sean Bergenheim and loses puck.
1:02 of 1st period - Icing by Victor Hedman.
1:03 of 1st period - Joe Colborne wins face-off versus Kris Versteeg in Penguins zone.
1:39 of 1st period - Slapshot by Jaden Schwartz.
1:39 of 1st period - Shot Blocked by Victor Hedman.
2:32 of 1st period - Off-side.
2:33 of 1st period - Mark Scheifele wins face-off versus Tomas Plekanec in neutral zone.
2:35 of 1st period - Off-side.
2:36 of 1st period - Steven Stamkos wins face-off versus Mark Scheifele in neutral zone.
2:45 of 1st period - Slapshot by Dustin Brown.
2:45 of 1st period - Stopped by Philipp Grubauer without a rebound.
2:46 of 1st period - Dustin Brown wins face-off versus Tyler Johnson in Lightning zone.
2:54 of 1st period - Off-side.
2:55 of 1st period - Tyler Johnson wins face-off versus Sean Bergenheim in neutral zone.
3:24 of 1st period - Snap shot by Tyler Johnson.
3:24 of 1st period - Shot Misses the Net.
3:57 of 1st period - Wrist shot by Patrick Kaleta.
3:57 of 1st period - Shot Misses the Net.
3:59 of 1st period - Wrist shot by Jaden Schwartz.
3:59 of 1st period - Shot Misses the Net.
4:01 of 1st period - Wrist shot by Jaden Schwartz.
4:01 of 1st period - Shot Misses the Net.
4:39 of 1st period - Snap shot by Joe Colborne.
4:39 of 1st period - Shot Misses the Net.
4:57 of 1st period - Wrist shot by Andrew Cogliano.
4:57 of 1st period - Shot Misses the Net.
5:01 of 1st period - Wrist shot by Steven Stamkos.
5:01 of 1st period - Shot Hit the Post.
5:30 of 1st period - Mark Scheifele is hit by Claude Giroux and loses puck.
5:35 of 1st period - Wrist shot by Claude Giroux.
5:35 of 1st period - Shot Misses the Net.
5:53 of 1st period - Slapshot by Marcus Foligno.
5:53 of 1st period - Shot Blocked by Tyler Toffoli.
6:29 of 1st period - Slapshot by Victor Hedman.
6:29 of 1st period - Stopped by Philipp Grubauer without a rebound.
6:30 of 1st period - Tomas Plekanec wins face-off versus Patrick Marleau in Lightning zone.
6:31 of 1st period - Snap shot by Ales Hemsky.
6:31 of 1st period - Stopped by Philipp Grubauer without a rebound.
6:32 of 1st period - James Wright wins face-off versus Steven Stamkos in Lightning zone.
6:41 of 1st period - James Wright is hit by Sean Zimmerman.
6:47 of 1st period - Dustin Brown is hit by James Wright and loses puck.
7:12 of 1st period - Snap shot by Henrik Zetterberg.
7:12 of 1st period - Stopped by Michal Neuvirth with a rebound.
7:14 of 1st period - Slapshot by Kris Versteeg.
7:14 of 1st period - Shot Blocked by Keith Aulie.
7:16 of 1st period - Wrist shot by Kris Versteeg.
7:16 of 1st period - Stopped by Michal Neuvirth with a rebound.
7:34 of 1st period - Snap shot by Marcus Foligno.
7:34 of 1st period - Stopped by Philipp Grubauer with a rebound.
7:36 of 1st period - Snap shot by Marcus Foligno.
7:36 of 1st period - Shot Misses the Net.
7:51 of 1st period - Icing by Jon Merrill.
7:52 of 1st period - Steven Stamkos wins face-off versus Kris Versteeg in Lightning zone.
8:03 of 1st period - Snap shot by Steven Stamkos.
8:03 of 1st period - Stopped by Philipp Grubauer with a rebound.
8:05 of 1st period - Slapshot by Eric Gryba.
8:05 of 1st period - Stopped by Philipp Grubauer without a rebound.
8:06 of 1st period - Mark Scheifele wins face-off versus Dustin Brown in Lightning zone.
8:13 of 1st period - Victor Hedman is hit by Jaden Schwartz and loses puck.
8:18 of 1st period - Slapshot by Mark Scheifele.
8:18 of 1st period - Shot Misses the Net.
8:20 of 1st period - Snap shot by Patrick Kaleta.
8:20 of 1st period - Stopped by Michal Neuvirth without a rebound.
8:21 of 1st period - Henrik Zetterberg wins face-off versus Logan Couture in Penguins zone.
8:39 of 1st period - Off-side.
8:40 of 1st period - Steven Stamkos wins face-off versus Mark Scheifele in neutral zone.
9:20 of 1st period - Eric Gryba is hit by Mark Scheifele.
9:26 of 1st period - Jaden Schwartz is hit by Joe Colborne and loses puck.
9:49 of 1st period - Snap shot by Marcus Foligno.
9:49 of 1st period - Stopped by Philipp Grubauer with a rebound.
9:57 of 1st period - Wrist shot by Marcus Foligno.
9:57 of 1st period - Shot Misses the Net.
9:59 of 1st period - Slapshot by Keith Aulie.
9:59 of 1st period - Shot Misses the Net.
10:17 of 1st period - Wrist shot by Joe Colborne.
10:17 of 1st period - Shot Misses the Net.
10:19 of 1st period - Snap shot by Marcus Foligno.
10:19 of 1st period - Stopped by Philipp Grubauer without a rebound.
10:20 of 1st period - Steven Stamkos wins face-off versus Tyler Johnson in Lightning zone.
10:31 of 1st period - Backhand shot by Andrew Cogliano.
10:31 of 1st period - Stopped by Philipp Grubauer without a rebound.
10:32 of 1st period - Steven Stamkos wins face-off versus Tyler Johnson in Lightning zone.
10:33 of 1st period - Slapshot by Dustin Brown.
10:33 of 1st period - Shot Misses the Net.
10:47 of 1st period - Wrist shot by Henrik Zetterberg.
10:47 of 1st period - Stopped by Michal Neuvirth without a rebound.
10:48 of 1st period - Logan Couture wins face-off versus James Wright in Penguins zone.
10:57 of 1st period - Snap shot by Claude Giroux.
10:57 of 1st period - Shot Misses the Net.
11:07 of 1st period - Sean Zimmerman is hit by Jon Merrill and loses puck.
11:22 of 1st period - Slapshot by Steven Stamkos.
11:22 of 1st period - Shot Misses the Net.
12:26 of 1st period - Wrist shot by Marcus Foligno.
12:26 of 1st period - Shot Misses the Net.
13:12 of 1st period - Off-side.
13:13 of 1st period - Tyler Johnson wins face-off versus Logan Couture in neutral zone.
13:16 of 1st period - Snap shot by Kris Versteeg.
13:16 of 1st period - Shot Misses the Net.
13:18 of 1st period - Wrist shot by Henrik Zetterberg.
13:18 of 1st period - Shot Misses the Net.
13:20 of 1st period - Slapshot by Henrik Zetterberg.
13:20 of 1st period - Stopped by Michal Neuvirth without a rebound.
13:21 of 1st period - Logan Couture wins face-off versus Tyler Johnson in Penguins zone.
13:21 of 1st period - Logan Couture is hit by Brendan Bell.
13:31 of 1st period - Wrist shot by Logan Couture.
13:31 of 1st period - Stopped by Philipp Grubauer with a rebound.
13:57 of 1st period - Snap shot by Henrik Zetterberg.
13:57 of 1st period - Stopped by Michal Neuvirth with a rebound.
15:25 of 1st period - Snap shot by Kris Versteeg.
15:25 of 1st period - Stopped by Michal Neuvirth without a rebound.
15:26 of 1st period - James Wright wins face-off versus Steven Stamkos in Penguins zone.
15:40 of 1st period - Icing by Joni Pitkanen.
15:41 of 1st period - James Wright wins face-off versus Steven Stamkos in Lightning zone.
16:02 of 1st period - Snap shot by Tyler Toffoli.
16:02 of 1st period - Shot Misses the Net.
16:08 of 1st period - Snap shot by Tyler Toffoli.
16:08 of 1st period - Shot Misses the Net.
16:10 of 1st period - Wrist shot by Tyler Toffoli.
16:10 of 1st period - Stopped by Michal Neuvirth with a rebound.
16:12 of 1st period - Slapshot by Joni Pitkanen.
16:12 of 1st period - Deflect By Tyler Toffoli.
16:12 of 1st period - Shot Blocked by Andrew Cogliano.
16:12 of 1st period - Puck is out of play.
16:13 of 1st period - Tomas Plekanec wins face-off versus Mark Scheifele in Penguins zone.
17:04 of 1st period - Wrist shot by Steven Stamkos.
17:04 of 1st period - Shot Misses the Net.
18:24 of 1st period - James Wright is hit by Sean Bergenheim and loses puck.
18:45 of 1st period - Mark Scheifele is hit by Andrew Cogliano.
19:05 of 1st period - Theo Peckham is hit by Joe Colborne and loses puck.
19:47 of 1st period - Minor Penalty to Theo Peckham for Tripping.
19:48 of 1st period - Steven Stamkos wins face-off versus Henrik Zetterberg in Lightning zone.
Goals for this period are 0 for Lightning vs 0 for Penguins.
Shots for this period are 8 for Lightning vs 10 for Penguins.

2nd period


0:01 of 2nd period - Steven Stamkos wins face-off versus Kris Versteeg in neutral zone.
0:04 of 2nd period - Alex Goligoski is hit by Steven Stamkos and loses puck.
1:47 of 2nd period - Penalty to Theo Peckham is over, Theo Peckham is back on ice.
1:53 of 2nd period - Wrist shot by Cal Clutterbuck.
1:53 of 2nd period - Shot Misses the Net.
1:55 of 2nd period - Slapshot by Sean Zimmerman.
1:55 of 2nd period - Shot Misses the Net.
1:57 of 2nd period - Slapshot by Victor Hedman.
1:57 of 2nd period - Deflect By Marcus Foligno.
1:57 of 2nd period - Stopped by Philipp Grubauer without a rebound.
1:58 of 2nd period - Joe Colborne wins face-off versus James Wright in Lightning zone.
3:24 of 2nd period - Slapshot by Mark Scheifele.
3:24 of 2nd period - Stopped by Michal Neuvirth with a rebound.
3:34 of 2nd period - Keith Aulie is hit by Jaden Schwartz and loses puck.
4:22 of 2nd period - Snap shot by Sean Bergenheim.
4:22 of 2nd period - Stopped by Philipp Grubauer without a rebound.
4:23 of 2nd period - Mark Scheifele wins face-off versus Logan Couture in Lightning zone.
4:23 of 2nd period - Mark Scheifele is hit by Sean Bergenheim.
4:54 of 2nd period - Off-side.
4:55 of 2nd period - Tomas Plekanec wins face-off versus Tyler Toffoli in neutral zone.
5:02 of 2nd period - Snap shot by Ales Hemsky.
5:02 of 2nd period - Stopped by Philipp Grubauer without a rebound.
5:03 of 2nd period - Steven Stamkos wins face-off versus Tyler Johnson in Lightning zone.
5:34 of 2nd period - Wrist shot by Claude Giroux.
5:34 of 2nd period - Stopped by Philipp Grubauer with a rebound.
5:36 of 2nd period - Snap shot by Logan Couture.
5:36 of 2nd period - Stopped by Philipp Grubauer without a rebound.
5:37 of 2nd period - Logan Couture wins face-off versus Tyler Johnson in Lightning zone.
5:44 of 2nd period - Wrist shot by Sean Bergenheim.
5:44 of 2nd period - Stopped by Philipp Grubauer with a rebound.
5:46 of 2nd period - Minor Penalty to Kris Versteeg for Hooking.
5:47 of 2nd period - Steven Stamkos wins face-off versus Pierre-Luc Létourneau in Lightning zone.
5:54 of 2nd period - Wrist shot by Steven Stamkos.
5:54 of 2nd period - Deflect By Dustin Brown.
5:54 of 2nd period - Shot Misses the Net.
5:54 of 2nd period - Puck is out of play.
5:55 of 2nd period - Pierre-Luc Létourneau wins face-off versus Steven Stamkos in Lightning zone.
6:04 of 2nd period - Pierre-Luc Létourneau is hit by Steven Stamkos and loses puck.
7:08 of 2nd period - Icing by Andrew Cogliano.
7:09 of 2nd period - Pierre-Luc Létourneau wins face-off versus Steven Stamkos in Penguins zone.
7:10 of 2nd period - Snap shot by Jaden Schwartz.
7:10 of 2nd period - Stopped by Michal Neuvirth without a rebound.
7:11 of 2nd period - Pierre-Luc Létourneau wins face-off versus Logan Couture in Penguins zone.
7:28 of 2nd period - Wrist shot by Claude Giroux.
7:28 of 2nd period - Stopped by Philipp Grubauer without a rebound.
7:29 of 2nd period - Logan Couture wins face-off versus Pierre-Luc Létourneau in Lightning zone.
7:46 of 2nd period - Penalty to Kris Versteeg is over, Kris Versteeg is back on ice.
7:58 of 2nd period - Wrist shot by Mark Scheifele.
7:58 of 2nd period - Shot Misses the Net.
8:00 of 2nd period - Wrist shot by Jaden Schwartz.
8:00 of 2nd period - Stopped by Michal Neuvirth with a rebound.
8:06 of 2nd period - Backhand shot by Jaden Schwartz.
8:06 of 2nd period - Deflect By Patrick Kaleta.
8:06 of 2nd period - Stopped by Michal Neuvirth with a rebound.
8:16 of 2nd period - Snap shot by Tyler Johnson.
8:16 of 2nd period - Stopped by Michal Neuvirth with a rebound.
8:21 of 2nd period - Off-side.
8:22 of 2nd period - Tyler Johnson wins face-off versus Steven Stamkos in neutral zone.
8:33 of 2nd period - Snap shot by Henrik Zetterberg.
8:33 of 2nd period - Stopped by Michal Neuvirth with a rebound.
9:01 of 2nd period - Wrist shot by Kris Versteeg.
9:01 of 2nd period - Shot Misses the Net.
9:35 of 2nd period - Snap shot by Alex Goligoski.
9:35 of 2nd period - Shot Blocked by Steven Stamkos.
9:37 of 2nd period - Snap shot by Kris Versteeg.
9:37 of 2nd period - Stopped by Michal Neuvirth without a rebound.
9:38 of 2nd period - Mark Scheifele wins face-off versus Logan Couture in Penguins zone.
11:05 of 2nd period - Slapshot by Tomas Plekanec.
11:05 of 2nd period - Shot Misses the Net.
11:57 of 2nd period - Cal Clutterbuck is hit by Tyler Toffoli and loses puck.
13:18 of 2nd period - Tomas Plekanec is hit by Kris Versteeg and loses puck.
13:33 of 2nd period - Wrist shot by Cal Clutterbuck.
13:33 of 2nd period - Shot Misses the Net.
14:27 of 2nd period - Jaden Schwartz is hit by Joe Colborne and loses puck.
15:08 of 2nd period - Off-side.
15:09 of 2nd period - Ales Hemsky wins face-off versus Mark Scheifele in neutral zone.
15:41 of 2nd period - Snap shot by Logan Couture.
15:41 of 2nd period - Deflect By Sean Bergenheim.
15:41 of 2nd period - Shot Blocked by Tyler Toffoli.
15:41 of 2nd period - Puck is out of play.
15:42 of 2nd period - Logan Couture wins face-off versus James Wright in Lightning zone.
15:43 of 2nd period - Slapshot by Claude Giroux.
15:43 of 2nd period - Goal by Claude Giroux - Lightning : 0 - Penguins : 1.
15:44 of 2nd period - Tyler Johnson wins face-off versus Steven Stamkos in neutral zone.
16:40 of 2nd period - Wrist shot by Tomas Plekanec.
16:40 of 2nd period - Stopped by Philipp Grubauer without a rebound.
16:41 of 2nd period - Tyler Johnson wins face-off versus Ales Hemsky in Lightning zone.
16:43 of 2nd period - Minor Penalty to Joni Pitkanen for Interference.
16:44 of 2nd period - Steven Stamkos wins face-off versus Kris Versteeg in Lightning zone.
16:44 of 2nd period - Snap shot by Dustin Brown.
16:44 of 2nd period - Shot Misses the Net.
17:10 of 2nd period - Sean Zimmerman is hit by Patrick Kaleta and loses puck.
17:35 of 2nd period - Wrist shot by Dustin Brown.
17:35 of 2nd period - Shot Blocked by Patrick Kaleta.
17:52 of 2nd period - Henrik Zetterberg is hit by Steven Stamkos and loses puck.
18:43 of 2nd period - Penalty to Joni Pitkanen is over, Joni Pitkanen is back on ice.
18:56 of 2nd period - Kris Versteeg is hit by Danny DeKeiser and loses puck.
19:11 of 2nd period - Snap shot by Kris Versteeg.
19:11 of 2nd period - Stopped by Michal Neuvirth with a rebound.
19:14 of 2nd period - Icing by Eric Gryba.
19:15 of 2nd period - Mark Scheifele wins face-off versus Tomas Plekanec in Penguins zone.
19:20 of 2nd period - Wrist shot by Jaden Schwartz.
19:20 of 2nd period - Shot Misses the Net.
19:44 of 2nd period - Wrist shot by Tomas Plekanec.
19:44 of 2nd period - Shot Misses the Net.
19:52 of 2nd period - Snap shot by Michael Raffl.
19:52 of 2nd period - Stopped by Philipp Grubauer with a rebound.
19:54 of 2nd period - Slapshot by Matt Corrente.
19:54 of 2nd period - Shot Blocked by Brendan Bell.
19:56 of 2nd period - Slapshot by Eric Gryba.
19:56 of 2nd period - Shot Blocked by Mark Scheifele.
19:58 of 2nd period - Snap shot by Tomas Plekanec.
19:58 of 2nd period - Stopped by Philipp Grubauer with a rebound.
Goals for this period are 0 for Lightning vs 1 for Penguins.
Shots for this period are 8 for Lightning vs 11 for Penguins.

3rd period


0:01 of 3rd period - Steven Stamkos wins face-off versus Henrik Zetterberg in neutral zone.
0:04 of 3rd period - Wrist shot by Andrew Cogliano.
0:04 of 3rd period - Shot Misses the Net.
0:12 of 3rd period - Wrist shot by Henrik Zetterberg.
0:12 of 3rd period - Stopped by Michal Neuvirth without a rebound.
0:13 of 3rd period - Steven Stamkos wins face-off versus Tyler Johnson in Penguins zone.
0:13 of 3rd period - Steven Stamkos is hit by Alex Goligoski.
0:21 of 3rd period - Snap shot by Steven Stamkos.
0:21 of 3rd period - Shot Misses the Net.
0:32 of 3rd period - Minor Penalty to Dustin Brown for Hooking.
0:33 of 3rd period - Claude Giroux wins face-off versus Tyler Johnson in Penguins zone.
2:32 of 3rd period - Penalty to Dustin Brown is over, Dustin Brown is back on ice.
2:40 of 3rd period - Slapshot by Logan Couture.
2:40 of 3rd period - Shot Misses the Net.
2:42 of 3rd period - Slapshot by Matt Corrente.
2:42 of 3rd period - Shot Hit the Post.
2:44 of 3rd period - Slapshot by Sean Bergenheim.
2:44 of 3rd period - Stopped by Philipp Grubauer without a rebound.
2:45 of 3rd period - Steven Stamkos wins face-off versus Patrick Marleau in Lightning zone.
2:50 of 3rd period - Wrist shot by Steven Stamkos.
2:50 of 3rd period - Stopped by Philipp Grubauer with a rebound.
3:02 of 3rd period - Wrist shot by Andrew Cogliano.
3:02 of 3rd period - Stopped by Philipp Grubauer with a rebound.
3:08 of 3rd period - Dustin Brown is hit by Patrick Marleau and loses puck.
3:25 of 3rd period - Snap shot by Andrew Cogliano.
3:25 of 3rd period - Stopped by Philipp Grubauer without a rebound.
3:26 of 3rd period - Logan Couture wins face-off versus Tyler Johnson in Lightning zone.
3:35 of 3rd period - Claude Giroux is hit by Tyler Johnson and loses puck.
4:37 of 3rd period - Backhand shot by Tyler Toffoli.
4:37 of 3rd period - Shot Misses the Net.
4:39 of 3rd period - Wrist shot by James Wright.
4:39 of 3rd period - Stopped by Michal Neuvirth with a rebound.
5:14 of 3rd period - Snap shot by Patrick Kaleta.
5:14 of 3rd period - Deflect By Mark Scheifele.
5:14 of 3rd period - Stopped by Michal Neuvirth with a rebound.
5:22 of 3rd period - Wrist shot by Marcus Foligno.
5:22 of 3rd period - Shot Blocked by Alex Goligoski.
5:24 of 3rd period - Slapshot by Victor Hedman.
5:24 of 3rd period - Stopped by Philipp Grubauer with a rebound.
5:37 of 3rd period - Wrist shot by Tyler Johnson.
5:37 of 3rd period - Stopped by Michal Neuvirth with a rebound.
6:21 of 3rd period - Wrist shot by Claude Giroux.
6:21 of 3rd period - Shot Blocked by Henrik Zetterberg.
6:31 of 3rd period - Minor Penalty to Logan Couture for Hooking.
6:32 of 3rd period - Claude Giroux wins face-off versus Tyler Johnson in Penguins zone.
6:47 of 3rd period - Slapshot by Sean Bergenheim.
6:47 of 3rd period - Stopped by Philipp Grubauer without a rebound.
6:48 of 3rd period - Tyler Johnson wins face-off versus Claude Giroux in Lightning zone.
8:31 of 3rd period - Penalty to Logan Couture is over, Logan Couture is back on ice.
9:27 of 3rd period - Minor Penalty to Matt Corrente for High sticking.
9:28 of 3rd period - Tyler Johnson wins face-off versus Claude Giroux in Penguins zone.
9:28 of 3rd period - Snap shot by Kris Versteeg.
9:28 of 3rd period - Stopped by Michal Neuvirth with a rebound.
9:30 of 3rd period - Slapshot by Joni Pitkanen.
9:30 of 3rd period - Stopped by Michal Neuvirth with a rebound.
9:32 of 3rd period - Snap shot by Henrik Zetterberg.
9:32 of 3rd period - Deflect By Tyler Johnson.
9:32 of 3rd period - Stopped by Michal Neuvirth without a rebound.
9:33 of 3rd period - Tyler Johnson wins face-off versus Claude Giroux in Penguins zone.
9:36 of 3rd period - Snap shot by Henrik Zetterberg.
9:36 of 3rd period - Deflect By Kris Versteeg.
9:36 of 3rd period - Shot Blocked by Sean Bergenheim.
9:36 of 3rd period - Puck is out of play.
9:37 of 3rd period - Tyler Johnson wins face-off versus Claude Giroux in Penguins zone.
10:00 of 3rd period - Snap shot by Henrik Zetterberg.
10:00 of 3rd period - Goal by Henrik Zetterberg - Lightning : 1 - Penguins : 1.
10:01 of 3rd period - Tyler Johnson wins face-off versus Steven Stamkos in neutral zone.
10:37 of 3rd period - Off-side.
10:38 of 3rd period - Mark Scheifele wins face-off versus Logan Couture in neutral zone.
10:45 of 3rd period - Mark Scheifele is hit by Logan Couture.
10:51 of 3rd period - Snap shot by Sean Bergenheim.
10:51 of 3rd period - Shot Misses the Net.
11:13 of 3rd period - Wrist shot by Henrik Zetterberg.
11:13 of 3rd period - Stopped by Michal Neuvirth with a rebound.
11:15 of 3rd period - Slapshot by Tyler Johnson.
11:15 of 3rd period - Lightning goal is going for a video replay.
11:15 of 3rd period - The goal is good.
11:15 of 3rd period - Goal by Tyler Johnson - Lightning : 2 - Penguins : 1.
11:16 of 3rd period - Steven Stamkos wins face-off versus Tyler Johnson in neutral zone.
11:19 of 3rd period - Slapshot by Keith Aulie.
11:19 of 3rd period - Shot Misses the Net.
11:50 of 3rd period - Tyler Toffoli is hit by Logan Couture and loses puck.
12:16 of 3rd period - Slapshot by Mark Scheifele.
12:16 of 3rd period - Shot Misses the Net.
12:26 of 3rd period - Danny DeKeiser is hit by Jon Merrill and loses puck.
12:33 of 3rd period - Snap shot by Kris Versteeg.
12:33 of 3rd period - Shot Misses the Net.
12:47 of 3rd period - Slapshot by Keith Aulie.
12:47 of 3rd period - Shot Blocked by James Wright.
12:49 of 3rd period - Snap shot by Steven Stamkos.
12:49 of 3rd period - Stopped by Philipp Grubauer with a rebound.
12:51 of 3rd period - Snap shot by Dustin Brown.
12:51 of 3rd period - Goal by Dustin Brown - Lightning : 2 - Penguins : 2.
12:52 of 3rd period - Steven Stamkos wins face-off versus Tyler Johnson in neutral zone.
13:45 of 3rd period - Minor Penalty to Keith Aulie for Tripping.
13:46 of 3rd period - Tyler Johnson wins face-off versus Claude Giroux in Penguins zone.
13:46 of 3rd period - Slapshot by Henrik Zetterberg.
13:46 of 3rd period - Deflect By Tyler Johnson.
13:46 of 3rd period - Goal by Tyler Johnson - Lightning : 3 - Penguins : 2.
13:47 of 3rd period - Steven Stamkos wins face-off versus Tyler Johnson in neutral zone.
14:34 of 3rd period - Alex Goligoski is hit by Claude Giroux.
14:38 of 3rd period - Keith Aulie is hit by Jaden Schwartz and loses puck.
15:21 of 3rd period - Slapshot by Claude Giroux.
15:21 of 3rd period - Stopped by Philipp Grubauer with a rebound.
15:23 of 3rd period - Wrist shot by Sean Zimmerman.
15:23 of 3rd period - Shot Blocked by Alex Goligoski.
15:25 of 3rd period - Wrist shot by Claude Giroux.
15:25 of 3rd period - Shot Blocked by Patrick Kaleta.
15:45 of 3rd period - Slapshot by Claude Giroux.
15:45 of 3rd period - Stopped by Philipp Grubauer without a rebound.
15:46 of 3rd period - Joe Colborne wins face-off versus Tyler Johnson in Lightning zone.
15:49 of 3rd period - Snap shot by Marcus Foligno.
15:49 of 3rd period - Shot Blocked by Jon Merrill.
15:57 of 3rd period - Slapshot by Justin Schultz.
15:57 of 3rd period - Stopped by Michal Neuvirth without a rebound.
15:58 of 3rd period - Joe Colborne wins face-off versus James Wright in Penguins zone.
16:09 of 3rd period - Wrist shot by Cal Clutterbuck.
16:09 of 3rd period - Shot Misses the Net.
16:11 of 3rd period - Snap shot by Danny DeKeiser.
16:11 of 3rd period - Stopped by Philipp Grubauer with a rebound.
16:54 of 3rd period - Slapshot by Rasmus Ristolainen.
16:54 of 3rd period - Shot Hit the Post.
16:56 of 3rd period - Wrist shot by Pierre-Luc Létourneau.
16:56 of 3rd period - Deflect By Patrick Marleau.
16:56 of 3rd period - Stopped by Michal Neuvirth without a rebound.
16:57 of 3rd period - Tyler Toffoli wins face-off versus Joe Colborne in Penguins zone.
16:57 of 3rd period - Tyler Toffoli is hit by Joe Colborne.
17:05 of 3rd period - Rasmus Ristolainen is hit by Joe Colborne and loses puck.
17:10 of 3rd period - Slapshot by Cal Clutterbuck.
17:10 of 3rd period - Stopped by Philipp Grubauer without a rebound.
17:11 of 3rd period - Steven Stamkos wins face-off versus Henrik Zetterberg in Lightning zone.
17:14 of 3rd period - Wrist shot by Dustin Brown.
17:14 of 3rd period - Stopped by Philipp Grubauer without a rebound.
17:15 of 3rd period - Steven Stamkos wins face-off versus Tyler Johnson in Lightning zone.
17:30 of 3rd period - Wrist shot by Henrik Zetterberg.
17:30 of 3rd period - Stopped by Michal Neuvirth with a rebound.
17:32 of 3rd period - Slapshot by Justin Schultz.
17:32 of 3rd period - Shot Misses the Net.
17:50 of 3rd period - Off-side.
17:51 of 3rd period - Tyler Johnson wins face-off versus Joe Colborne in neutral zone.
17:58 of 3rd period - Joe Colborne is hit by Henrik Zetterberg.
18:26 of 3rd period - Icing by Alex Goligoski.
18:27 of 3rd period - James Wright wins face-off versus Joe Colborne in Lightning zone.
18:43 of 3rd period - Slapshot by Alex Goligoski.
18:43 of 3rd period - Stopped by Michal Neuvirth with a rebound.
19:06 of 3rd period - Minor Penalty to James Wright for Tripping.
19:07 of 3rd period - Steven Stamkos wins face-off versus Kris Versteeg in Lightning zone.
19:08 of 3rd period - Penguins, Michal Neuvirth is pulled from the net.
19:50 of 3rd period - Wrist shot by Patrick Kaleta.
19:50 of 3rd period - Goal by Patrick Kaleta - Lightning : 4 - Penguins : 2.
19:50 of 3rd period - Michal Neuvirth from Penguins was sent back in the game.
19:51 of 3rd period - Steven Stamkos wins face-off versus Kris Versteeg in neutral zone.
19:58 of 3rd period - Slapshot by Andrew Cogliano.
19:58 of 3rd period - Goal by Andrew Cogliano - Lightning : 4 - Penguins : 3.
19:59 of 3rd period - Steven Stamkos wins face-off versus Tyler Johnson in neutral zone.
Goals for this period are 4 for Lightning vs 2 for Penguins.
Shots for this period are 16 for Lightning vs 14 for Penguins.